 Dungeon Crawl Stone Soup version 0.22.1-2-g9c5b331383 (webtiles) character file.

1271 Ihlosi the Ducker (level 8, -1/49 HPs)
             Began as a Kobold Gladiator on Dec 11, 2018.
             Slain by an ogre
             ... wielding a +0 giant club
              (5 damage)
             ... on level 5 of the Dungeon.
             The game lasted 00:13:14 (5848 turns).

Ihlosi the Ducker (Kobold Gladiator)                Turns: 5848, Time: 00:13:14

Health: -1/49      AC:  6    Str: 17    XL:     8   Next: 83%
Magic:  11/11      EV: 18    Int:  8    God:
Gold:   215        SH:  0    Dex: 17    Spells: 7/7 levels left

rFire    . . .     SeeInvis +   u - +2 dagger (drain)
rCold    . . .     Gourm    .   (shield restricted)
rNeg     . . .     Faith    .   b - +0 leather armour
rPois    .         Spirit   .   c - +0 helmet
rElec    .         Reflect  .   (no cloak)
rCorr    .         Harm     .   (no gloves)
MR       .....                  (no boots)
Stlth    +++.......             (no amulet)
HPRegen  0.16/turn              y - ring of see invisible
MPRegen  0.12/turn              h - +5 ring of strength

@: no status effects
A: small, iridescent scales 1, carnivore, dopey 1
a: no special abilities


You were on level 5 of the Dungeon.
You were completely stuffed.

You visited 1 branch of the dungeon, and saw 6 of its levels.

You collected 215 gold pieces.

Inventory:

Hand Weapons
 a - a +0 rapier
 s - a +2 dagger of venom
 u - a +2 dagger of draining (weapon)
Missiles
 d - 2 throwing nets (quivered)
 l - 50 bolts
Armour
 b - a +0 leather armour (worn)
 c - a +0 helmet (worn)
Jewellery
 e - an uncursed ring of flight
 h - a +5 ring of strength (right hand)
 k - an uncursed ring of fire
 y - a ring of see invisible (left hand)
Wands
 r - a wand of disintegration (9)
 v - a wand of polymorph (11)
Scrolls
 g - 3 scrolls of teleportation
 i - a scroll of magic mapping {unknown}
 j - a scroll of immolation {unknown}
 n - a scroll of enchant weapon {unknown}
 q - 2 scrolls of blinking {unknown}
 w - a scroll of enchant armour {unknown}
Potions
 m - a potion of haste
 p - a potion of resistance
 z - a potion of flight {unknown}
Comestibles
 f - 6 rations


   Skills:
 * Level 5.0 Fighting
 - Level 6.1 Short Blades
 - Level 2.1 Throwing
 - Level 3.0 Armour
 - Level 6.3 Dodging
 - Level 6.3 Stealth
 * Level 4.2 Evocations


You had 7 spell levels left.
You didn't know any spells.
Your spell library contained the following spells:

 Spells                   Type           Power        Failure   Level  Hunger
 Shock                    Conj/Air       #...         45%         1    ##.....
 Swiftness                Chrm/Air       #.......     61%         2    ###....
 Static Discharge         Conj/Air       #.......     83%         3    ####...
 Airstrike                Air            #.........   99%         4    #####..
 Lightning Bolt           Conj/Air       #.........   100%        5    ######.


Dungeon Overview and Level Annotations

Branches:
Dungeon (6/15)
 Temple: D:4-7

Altars:
Beogh

Annotations:
D:4 3 runed doors, BlayZZZeR's ghost, amateur MiBe
D:5 Blork the orc


Innate Abilities, Weirdness & Mutations

You are small and have problems with some larger weapons.
You are carnivorous and can eat meat at any time.
You are partially covered in iridescent scales. (AC +2)
You are dopey. (Int -2)


Message History

You hit the ogre.
The ogre is lightly wounded.
You hit the ogre.
The ogre is moderately wounded.
The ogre hits you with a giant club!!
* * * LOW HITPOINT WARNING * * *
Okay, then.
There is a stone staircase leading down here.
Evoke which item? (* to show all) (? for menu, Esc to quit)
Aiming: Disintegrate
Press: ? - help, Shift-Dir - straight line, f - ogre
Aim: an ogre, wielding a giant club (lightly wounded, chance to defeat MR: 80%)
The ogre barely resists.
The ogre hits you with a giant club!
* * * LOW HITPOINT WARNING * * *
Evoke which item? (* to show all) (? for menu, Esc to quit)
Aiming: Disintegrate
Press: ? - help, Shift-Dir - straight line, f/p - ogre
Aim: an ogre, wielding a giant club (lightly wounded, chance to defeat MR: 80%)
The ogre is blasted.
The ogre hits you with a giant club.
You die...

############..#######
...............#
...#........(..##
...#............#
####............# #
#............## #
###########...# ##..#
# #.@# # #.O# # ##.##
# #..# # ##.## # #..#
# #..## # #...# ##..#


You could see an ogre.

Vanquished Creatures
  Prince Ribbit (D:5)
  Sigmund (D:3)
  A centaur (D:5)
  2 ogres
  A water moccasin skeleton (D:3)
  A howler monkey (D:4)
  A hound (D:4)
  4 orc priests
  A bullfrog skeleton (D:5)
  Terence (D:2)
  Natasha (thrice) (D:2)
  Ijyb (D:5)
  4 worker ants
  9 adders
  A shadow imp (D:6)
  An adder zombie (D:5)
  2 worms
  A dart slug (D:3)
  5 leopard geckos
  12 orcs
  4 ball pythons (D:3)
  7 bats
  2 giant cockroaches
  5 goblins
  9 hobgoblins
  7 kobolds
  3 quokkas
  8 frilled lizards
  A jackal skeleton (D:5)
  4 rats
103 creatures vanquished.

Notes
Turn   | Place    | Note
-------+----------+-------------------------------------------
     0 | D:1      | Ihlosi the Kobold Gladiator began the quest for the Orb.
     0 | D:1      | Reached XP level 1. HP: 12/12 MP: 1/1
   184 | D:1      | Reached XP level 2. HP: 17/17 MP: 2/2
   549 | D:2      | Reached XP level 3. HP: 21/22 MP: 3/3
   678 | D:2      | Reached skill level 1 in Stealth
   739 | D:2      | Noticed Natasha
   745 | D:2      | Gained mutation: You are dopey. (Int -2) [potion of
                  | mutation]
   745 | D:2      | Gained mutation: You are partially covered in iridescent
                  | scales. (AC +2) [potion of mutation]
   762 | D:2      | Killed Natasha
   762 | D:2      | Reached skill level 1 in Evocations
   762 | D:2      | Reached XP level 4. HP: 10/27 MP: 4/4
  1054 | D:2      | Noticed Terence
  1064 | D:2      | Killed Terence
  1118 | D:2      | Reached skill level 1 in Armour
  1118 | D:2      | Reached XP level 5. HP: 26/32 MP: 5/5
  1146 | D:2      | Noticed Natasha
  1160 | D:2      | Killed Natasha
  1160 | D:2      | Reached skill level 5 in Short Blades
  1338 | D:2      | Found a faded altar of an unknown god.
  1358 | D:2      | Noticed Natasha
  1366 | D:2      | Killed Natasha
  1731 | D:3      | Noticed Sigmund
  1805 | D:3      | Reached XP level 6. HP: 16/37 MP: 7/7
  2249 | D:4      | Noticed an ogre
  2258 | D:5      | Entered Level 5 of the Dungeon
  2271 | D:5      | Noticed Blork the orc
  2271 | D:5      | Noticed Ijyb
  2303 | D:5      | Killed Ijyb
  2459 | D:5      | Reached skill level 5 in Dodging
  2459 | D:5      | Reached XP level 7. HP: 19/41 MP: 8/8
  2653 | D:5      | Noticed Prince Ribbit
  3567 | D:4      | Found a runed gate.
  3567 | D:4      | Noticed BlayZZZeR's ghost (amateur MiBe)
  3569 | D:4      | Found a runed gate.
  3569 | D:4      | Found a runed gate.
  3571 | D:4      | Found a roughly hewn altar of Beogh.
  4877 | D:3      | Reached XP level 8. HP: 48/48 MP: 10/10
  4904 | D:3      | Killed Sigmund
  4904 | D:3      | Reached skill level 5 in Stealth
  5715 | D:5      | Killed Prince Ribbit
  5794 | D:5      | Reached skill level 5 in Fighting
  5848 | D:5      | Slain by an ogre

Skill      XL: |  1  2  3  4  5  6  7  8 |
---------------+-------------------------+-----
Dodging        | 4 5 6 |  6.3
Stealth        | 1 2 3 4 6 |  6.3
Evocations     | 1 2 3 4 |  4.2
Armour         | 1 2 3 |  3.0
Short Blades   | 5 6 |  6.1
Fighting       | 3 5 |  5.0
Throwing       | |  2.1

Action                   |  1- 3 |  4- 6 |  7- 9 || total
-------------------------+-------+-------+-------++-------
Melee: Rapier            |    63 |   150 |   124 ||   337
       Dagger            |       |       |    69 ||    69
Throw: Throwing net      |       |       |     5 ||     5
Evoke: Wand              |       |       |     6 ||     6
  Use: Potion            |     2 |       |     2 ||     4
       Scroll            |       |     3 |     1 ||     4
 Stab: Sleeping          |     3 |     4 |     7 ||    14
       Distracted        |       |     1 |       ||     1
  Eat: Chunk             |     3 |    10 |    11 ||    24
Armor: Leather armour    |    12 |    23 |    24 ||    59
       Skin              |       |       |     6 ||     6
Dodge: Dodged            |    38 |   105 |   111 ||   254
